 Dungeon Crawl Stone Soup version 0.27.1-35-g4d5d836560 (webtiles) character file.

Game seed: 5117031402477705627

2214 croobank the Covert (level 9, -1/74 HPs)
             Began as a Gnoll Delver on June 7, 2022.
             Succumbed to a gnoll sergeant's poison
             ... on level 6 of the Dungeon on June 8, 2022.
             The game lasted 00:42:18 (7402 turns).

croobank the Covert (Gnoll Delver)                  Turns: 7402, Time: 00:42:19

Health: -1/74      AC: 13    Str: 11    XL:     9   Next: 35%
Magic:  24/24      EV: 12    Int: 13    God:
Gold:   339        SH:  0    Dex: 14    Spells: 16/16 levels left

rFire    + . .     SeeInvis .   a - +4 hand axe (vorpal)
rCold    . . .     Faith    .   (no shield)
rNeg     . . .     Spirit   .   f - +3 ring mail {rF+}
rPois    .         Reflect  .   E - +0 helmet
rElec    .         Harm     .   A - +0 cloak
rCorr    .         Rampage  .   I - +0 pair of gloves
Will     .....                  i - +0 pair of boots
Stlth    ++++......             (no amulet)
HPRegen  0.22/turn              L - ring of magical power
MPRegen  0.19/turn              (no ring)

@: lethally poisoned (-1 -> -36)
A: fangs 1, strong nose, distributed training
a: no special abilities


You were on level 6 of the Dungeon.
You visited 2 branches of the dungeon, and saw 8 of its levels.

You collected 339 gold pieces.

Inventory:

Hand Weapons
 a - a +4 vorpal hand axe (weapon)
 d - a +0 dagger
 j - a +2 mace of pain
 l - a +0 quarterstaff
 r - a +0 shortbow
 B - a +0 war axe of chaos
 C - a +0 falchion
 J - a +1 morningstar of freezing
 K - a +0 trident
 O - a +0 long sword
 P - a +0 scimitar
 Q - a +2 whip of freezing
Missiles
 m - 161 stones
 n - 28 poisoned darts
 s - 97 arrows
 y - 5 boomerangs of dispersal
 D - a throwing net (quivered)
Armour
 b - a +0 leather armour
 f - a +3 ring mail of fire resistance (worn)
 i - a +0 pair of boots (worn)
 q - a +0 plate armour
 A - a +0 cloak (worn)
 E - a +0 helmet (worn)
 H - a +0 chain mail
 I - a +0 pair of gloves (worn)
Magical Staves
 k - a staff of poison
 w - a staff of death
Jewellery
 L - a ring of magical power (left hand)
Wands
 g - a wand of digging (10)
 M - a wand of polymorph (6)
Scrolls
 c - a scroll of fog
 o - 2 scrolls of noise
 t - a scroll of teleportation
 u - a scroll of immolation
 F - a scroll of magic mapping
Potions
 e - a potion of ambrosia
 h - 2 potions of curing
 p - 2 potions of flight
 v - a potion of berserk rage
 x - 2 potions of mutation {unknown}
 z - a potion of lignification {unknown}
 N - a potion of attraction {unknown}
Miscellaneous
 G - a piece from Xom's chessboard (15/15)


   Skills:
 + Level 7.8 Fighting
 + Level 4.1 Short Blades
 + Level 4.1 Long Blades
 + Level 6.2 Axes
 + Level 4.1 Maces & Flails
 + Level 4.1 Polearms
 + Level 4.1 Staves
 + Level 4.1 Slings
 + Level 4.1 Bows
 + Level 4.1 Crossbows
 + Level 4.1 Throwing
 + Level 4.1 Armour
 + Level 6.2 Dodging
 + Level 10.4 Stealth
 + Level 4.1 Shields
 + Level 4.1 Unarmed Combat
 + Level 4.1 Spellcasting
 + Level 3.4 Conjurations
 + Level 3.4 Hexes
 + Level 3.4 Summonings
 + Level 3.4 Necromancy
 + Level 3.4 Translocations
 + Level 3.4 Transmutations
 + Level 3.4 Fire Magic
 + Level 3.4 Ice Magic
 + Level 3.4 Air Magic
 + Level 3.4 Earth Magic
 + Level 3.4 Poison Magic
 + Level 4.5 Invocations
 + Level 4.1 Evocations


You had 16 spell levels left.
You didn't know any spells.
Your spell library contained the following spells:

 Spells                   Type           Power      Damage    Failure   Level
 Gell's Gravitas          Tloc           5%         N/A       34%         3
 Teleport Other           Tloc           11%        N/A       34%         3
 Dispersal                Tloc           5%         N/A       100%        6


Dungeon Overview and Level Annotations

Branches:
Dungeon (7/15)             Temple (1/1) D:4

Altars:
Ashenzari
Cheibriados
Dithmenos
Elyvilon
Fedhas
Hepliaklqana
Kikubaaqudgha
Makhleb
Nemelex Xobeh
Okawaru
Qazlal
Ru
Sif Muna
Trog
Uskayaw
Wu Jian
Xom
Yredelemnul
The Shining One

Shops:
D:5 [

Annotations:
D:3 2 transporters, BigDaddyOpFi's ghost, amateur OpMo
D:4 Edmund


Innate Abilities, Weirdness & Mutations

You have very sharp teeth.
Your uncanny sense of smell can sniff out nearby items.
Your experience applies equally to all skills.


Message History

You feel very sick.
There is a stone staircase leading down here.
You hit the gnoll sergeant but do no damage.
The gnoll sergeant is lightly wounded.
You feel sick.
The gnoll sergeant hits you with a +4 trident of venom.
The gnoll sergeant blocks your attack.
The gnoll sergeant is lightly wounded.
You feel sick.
The gnoll sergeant hits you with a +4 trident of venom.
You are more poisoned.
The gnoll sergeant blocks your attack.
The gnoll sergeant is lightly wounded.
You feel sick.
The gnoll sergeant hits you with a +4 trident of venom.
You are more poisoned.
You hit the gnoll sergeant but do no damage.
The gnoll sergeant is lightly wounded.
You feel very sick. The gnoll sergeant closely misses you.
You hit the gnoll sergeant but do no damage.
The gnoll sergeant is lightly wounded.
You feel very sick.
The gnoll sergeant hits you but does no damage.
You are more poisoned.
You hit the gnoll sergeant.
The gnoll sergeant is moderately wounded.
You feel very sick.
The gnoll sergeant hits you with a +4 trident of venom!
* * * LOW HITPOINT WARNING * * *
You hit the gnoll sergeant but do no damage.
The gnoll sergeant is moderately wounded.
You feel very sick.
The gnoll sergeant hits you with a +4 trident of venom!
* * * LOW HITPOINT WARNING * * *
You are more poisoned.
Okay, then.
As you read the scroll of fear, it crumbles to dust.
You assume a fearsome visage.
The gnoll sergeant looks frightened!
You die...

# #.# ####............#
##.####..........######
#..........###.#####
#..................#
#..................#
##..................#
.....)<.............#
#...................#
................@...#
...#####.........g..#
#....##..###........#
#..^....## #........#
.....#### #........#
.....# ####.#.###
.#...# ###.#.####
.#...# #...#....#
.#...# ####.######.#


You could see a gnoll sergeant (fleeing).

Vanquished Creatures
  A vampire (D:7)
  A wyvern (D:6)
  A water moccasin (D:6)
  2 ice beasts
  A black bear (D:4)
  A necrophage (D:4)
  2 ogres
  2 centaurs
  Blork the orc (D:4)
  A scorpion (D:5)
  A wyvern zombie (D:6)
  3 wights (D:6)
  A howler monkey (D:3)
  3 hounds
  4 orc priests
  3 jellies
  3 centaur skeletons
  Ijyb (D:4)
  A scorpion zombie (D:5)
  5 orc wizards
  A howler monkey zombie (D:5)
  6 adders
  5 gnolls
  A howler monkey skeleton (D:6)
  A shadow imp (D:7)
  An adder skeleton (D:4)
  2 worms
  3 dart slugs
  10 orcs
  7 bats
  6 endoplasms
  2 giant cockroaches
  4 goblins
  11 hobgoblins
  3 jackals (D:3)
  10 kobolds
  5 quokkas
  8 ball pythons
  5 frilled lizards
  5 rats
134 creatures vanquished.

Vanquished Creatures (others)
  10 plants
10 creatures vanquished.

Grand Total: 144 creatures vanquished

Notes
Turn   | Place    | Note
-------+----------+-------------------------------------------
     0 | D:5      | Reached skill level 9 in Stealth
     0 | D:5      | croobank the Gnoll Delver began the quest for the Orb.
     0 | D:5      | Reached XP level 1. HP: 23/23 MP: 1/1
     9 | D:5      | Noticed a centaur
   114 | D:4      | Reached XP level 2. HP: 29/29 MP: 2/2
   249 | D:2      | Reached XP level 3. HP: 31/35 MP: 3/3
   389 | D:1      | Found a faded altar of an unknown god.
   409 | D:1      | Reached skill level 1 in Invocations
   713 | D:1      | Reached skill level 1 in Short Blades
   713 | D:1      | Reached skill level 1 in Long Blades
   713 | D:1      | Reached skill level 1 in Maces & Flails
   713 | D:1      | Reached skill level 1 in Polearms
   713 | D:1      | Reached skill level 1 in Staves
   713 | D:1      | Reached skill level 1 in Slings
   713 | D:1      | Reached skill level 1 in Bows
   713 | D:1      | Reached skill level 1 in Crossbows
   713 | D:1      | Reached skill level 1 in Throwing
   713 | D:1      | Reached skill level 1 in Armour
   713 | D:1      | Reached skill level 1 in Shields
   713 | D:1      | Reached skill level 1 in Unarmed Combat
   713 | D:1      | Reached skill level 1 in Spellcasting
   713 | D:1      | Reached skill level 1 in Evocations
   982 | D:2      | Reached XP level 4. HP: 41/41 MP: 5/5
  1066 | D:2      | Found a basalt altar of Yredelemnul.
  1591 | D:3      | Reached skill level 1 in Conjurations
  1591 | D:3      | Reached skill level 1 in Hexes
  1591 | D:3      | Reached skill level 1 in Summonings
  1591 | D:3      | Reached skill level 1 in Necromancy
  1591 | D:3      | Reached skill level 1 in Translocations
  1591 | D:3      | Reached skill level 1 in Transmutations
  1591 | D:3      | Reached skill level 1 in Fire Magic
  1591 | D:3      | Reached skill level 1 in Ice Magic
  1591 | D:3      | Reached skill level 1 in Air Magic
  1591 | D:3      | Reached skill level 1 in Earth Magic
  1591 | D:3      | Reached skill level 1 in Poison Magic
  1630 | D:3      | Found a transporter.
  1630 | D:3      | Noticed BigDaddyOpFi's ghost (amateur OpMo)
  1676 | D:3      | Found a transporter.
  2109 | D:3      | Found an iron altar of Okawaru.
  2109 | D:3      | Found a stormy altar of Qazlal.
  2128 | D:3      | Reached XP level 5. HP: 46/47 MP: 5/7
  2265 | D:4      | Noticed Ijyb
  2535 | D:4      | Noticed a black bear
  2562 | D:4      | Killed Ijyb
  2563 | D:4      | Killed a black bear
  2564 | D:4      | Reached XP level 6. HP: 24/53 MP: 8/8
  2755 | D:4      | Noticed Edmund
  3097 | D:4      | Noticed Blork the orc
  3106 | D:4      | Killed Blork the orc
  3107 | D:4      | Reached skill level 5 in Axes
  3107 | D:4      | Reached skill level 5 in Dodging
  3116 | D:4      | Found an ornate altar of the Wu Jian Council.
  3283 | D:4      | Found a burning altar of Makhleb.
  3438 | D:4      | Found a staircase to the Ecumenical Temple.
  3472 | Temple   | Entered the Ecumenical Temple
  3717 | D:4      | Noticed a necrophage
  3728 | D:4      | Killed a necrophage
  3729 | D:4      | Reached XP level 7. HP: 54/60 MP: 10/10
  3894 | D:5      | HP: 2/60 [orc priest/divine providence (9)]
  4438 | D:5      | Found a sacrificial altar of Ru.
  4460 | D:5      | Reached skill level 10 in Stealth
  4688 | D:5      | Reached XP level 8. HP: 66/67 MP: 12/12
  5117 | D:5      | Found Ryxezyt's Armour Shoppe.
  5162 | D:5      | Found a shimmering altar of Xom.
  5288 | D:5      | Found a white marble altar of Elyvilon.
  6101 | D:6      | Noticed a wyvern
  6306 | D:6      | Killed a wyvern
  6307 | D:6      | Reached XP level 9. HP: 48/72 MP: 14/14
  6520 | D:6      | Found a sparkling altar of Nemelex Xobeh.
  6563 | D:6      | Found a shimmering blue altar of Sif Muna.
  7402 | D:6      | Succumbed to a gnoll sergeant's poison

Illustrated notes

Levels and vault maps discovered:
D:1:      psy_arrival_statuary, layout_basic,
          hellmonk_ecumenical_altar_heavens_door, corexii_corridor_pit
D:2:      layout_basic, basic_altar, palyth_stone_intersect
D:3:      layout_basic, mainiacjoe_overflow_divided_tiny, gammafunk_ghost_arena
D:4:      layout_loops_ring, lemuel_crystal_altar, makhleb_blood_cavern_becter,
          minmay_temple_entry_arrows, uniq_ijyb, uniq_blork_the_orc, uniq_edmund
D:5:      layout_cave_pools, xom_butterflies,
          nicolae_ru_great_annihilating_truth, nicolae_elyvilon_temple_path,
          serial_bayou, serial_bayou_pond_e, serial_bayou_crossing,
          serial_bayou_pond_e, serial_bayou_shore_b, serial_shops,
          nicolae_shop_stone
D:6:      layout_rooms, nemelex_spade_bored_becter, tgw_sif, grunt_tough_drop
D:7:      kennysheep_housing_project, layout_loops_ring,
          mainiacjoe_overflow_catwalk
Temple:   jpeg_temple_island

Skill      XL: |  1  2  3  4  5  6  7  8  9 |
---------------+----------------------------+-----
Stealth        | 10 | 10.4
Invocations    | 1 2 3 4 |  4.5
Short Blades   | 1 2 3 4 |  4.1
Long Blades    | 1 2 3 4 |  4.1
Maces & Flails | 1 2 3 4 |  4.1
Polearms       | 1 2 3 4 |  4.1
Staves         | 1 2 3 4 |  4.1
Slings         | 1 2 3 4 |  4.1
Bows           | 1 2 3 4 |  4.1
Crossbows      | 1 2 3 4 |  4.1
Throwing       | 1 2 3 4 |  4.1
Armour         | 1 2 3 4 |  4.1
Shields        | 1 2 3 4 |  4.1
Unarmed Combat | 1 2 3 4 |  4.1
Spellcasting   | 1 2 3 4 |  4.1
Evocations     | 1 2 3 4 |  4.1
Conjurations   | 1 2 3 |  3.4
Hexes          | 1 2 3 |  3.4
Summonings     | 1 2 3 |  3.4
Necromancy     | 1 2 3 |  3.4
Translocations | 1 2 3 |  3.4
Transmutations | 1 2 3 |  3.4
Fire Magic     | 1 2 3 |  3.4
Ice Magic      | 1 2 3 |  3.4
Air Magic      | 1 2 3 |  3.4
Earth Magic    | 1 2 3 |  3.4
Poison Magic   | 1 2 3 |  3.4
Axes           | 5 6 |  6.2
Dodging        | 5 6 |  6.2
Fighting       | 7 |  7.8

Action                   |  1- 3 |  4- 6 |  7- 9 || total
-------------------------+-------+-------+-------++-------
Melee: Hand axe          |    59 |    60 |   168 ||   287
       Dagger            |     2 |       |     9 ||    11
       Bite              |     1 |    11 |    26 ||    38
       Punch             |       |     1 |     6 ||     7
       War axe           |       |    59 |    70 ||   129
Throw: Dart              |       |       |     9 ||     9
       Throwing net      |       |       |     1 ||     1
Evoke: Wand              |       |     1 |       ||     1
       Piece from Xom's  |       |       |     2 ||     2
  Use: Scroll            |     2 |     5 |     7 ||    14
       Potion            |       |    10 |     2 ||    12
 Stab: Sleeping          |    14 |     8 |     9 ||    31
       Invisible         |       |     6 |     1 ||     7
       Confused          |       |     1 |       ||     1
       Paralysed         |       |       |     2 ||     2
       Held in net/web   |       |       |     2 ||     2
Armor: Leather armour    |    15 |    27 |       ||    42
       Ring mail         |       |    10 |   117 ||   127
Dodge: Dodged            |    36 |    96 |   135 ||   267
